[Event "*** Titled Tuesday 3|2 Blitz"]
[Site "Chess.com"]
[Date "2016.09.06"]
[Round "9"]
[White "Rating-Schmating"]
[Black "Andrejkin"]
[Result "1-0"]
[WhiteElo "2216"]
[BlackElo "2193"]
[TimeControl "180+2"]
[EndTime "13:02:29 PDT"]
[Termination "Rating-Schmating won by checkmate"]

1. e4 c5 2. Nf3 d6 3. d4 cxd4 4. Nxd4 Nf6 5. Nc3 a6 6. h3 e5 7. Nde2 Be6 8. g4 h5 9. g5 Nfd7 10.
h4 Nc6 11. Bg2 b5 12. Ng3 g6 13. Nd5 Ne7 14. Be3 Bxd5 15. exd5 Bg7 16. Ne4 Nb6 17.
Bxb6 Qxb6 18. Qf3 Nf5 19. c3 O-O 20. Bh3 Ne7 21. Nf6+ Bxf6 22. gxf6 Nc8 23. Qe3 Qxe3+ 24. fxe3 Nb6 25. e4 Nc4 26. b3 Nb6 27. Ke2 Ra7 28.
Kd3 Rc7 29. Rac1 Nd7 30. Rhf1 Nc5+ 31. Ke3 a5 32. c4 bxc4 33. Rxc4 Rb8 34. Rfc1 Rcb7 35.
Rxc5 dxc5 36. Rxc5 a4 37. bxa4 Rb4 38. d6 Rxa4 39. d7 Rd8 40. Rxe5 Kf8 41. Rc5 Rxa2 42. Kf4 Ra6 43. Bf1 Rd6 44. Bb5 Rxf6+ 45. Ke5 Rb6 46.
Kd5 Ke7 47. e5 Rxd7+ 48. Bxd7 Kxd7 49. Rc2 Rb5+ 50. Ke4 Ke6 51. Rc6+ Ke7 52. Rc4 Rb2 53. Kf4 Rh2 54. Kg3 Re2 55. Kf4 Re1 56. Rc7+ Kf8 57. Rc8+ Kg7 58. Rc7 Rh1 59. Kg3 Rg1+ 60. Kf4 Rg4+ 61. Kf3 Rxh4 62. e6 Rh1 63. Kf2 Rh4 64.
Rxf7+ Kh6 65. Kf3 Rh1 66. Rf4 Rf1+ 67. Ke3 Rxf4 68. e7 Rf1 69. Ke2 Rf5 70. e8=Q Kg5 71. Qe7+ Kg4 72. Qe4+ Rf4 73. Qxg6+ Kh4 74. Ke3 Rg4 75.
Qf6+ Kh3 76. Qf1+ Kh4 77. Kf3 Rg3+ 78. Kf2 Rg4 79. Qh1+ Kg5 80. Ke3 Kg6 81. Qc6+ Kg5 82. Qe8 Kh4 83. Kf3 Rg3+ 84. Kf2 Rg4 85. Qe7+ Kh3 86.
Qh7 Kh4 87. Qf5 Rg5 88. Qf6 Kg4 89. Qf3+ Kh4 90. Qh1+ Kg4 91. Qg2+ Kh4 92. Qh2+ Kg4 93. Qg3+ Kf5 94. Qh4 Kg6 95. Kf3 Rg4 96. Qe7 Rg5 97. Kf4 Rf5+ 98. Ke4 Rf6 99. Qe8+ Kg5 100. Qg8+ Kh6 101. Ke5 Rg6 102. Qf8+ Kh7 103. Kf5 Rg7 104. Qe8 Rg8 105. Qxh5+ Kg7 106. Qg6+ Kf8 107. Qh7 Rg7 108. Qh5 Rf7+ 109. Ke6 Re7+ 110. Kd6 Rg7 111. Qf5+ Rf7 112. Qg6 Rg7 113. Qf6+ Rf7 114. Qh8# 1-0